 Dungeon Crawl Stone Soup version 0.31-a0-978-g1e143483b6 (webtiles) character file.

Game seed: 14406291075558335828

6118 jlumianski the Grappler (level 10, -6/77 HPs)
             Began as a Gnoll Shapeshifter on Oct 31, 2023.
             Was an Elder of Okawaru.
             Killed from afar by an acid dragon (19 damage)
             ... with a splash of acid
             ... on level 9 of the Dungeon.
             The game lasted 00:43:30 (9072 turns).

jlumianski the Grappler (Gnoll Shapeshifter)        Turns: 9072, Time: 00:43:31

Health: -6/77      AC: 14    Str: 24    XL:     10   Next: 89%
Magic:  8/18       EV: 16    Int: 10    God:    Okawaru [****..]
Gold:   146        SH:  0    Dex: 11    Spells: 13/20 levels left

rFire   . .          .
                       - Unarmed
rCold   . . .        (shield currently unavailable)
rNeg    . . .        H - +0 steam dragon scales
rPois   .            y - +0 helmet
rElec   .            P - +0 cloak {Stlth+}
rCorr   .            q - +1 pair of gloves
SInv    .            N - +0 pair of boots
Will    .....        (no amulet)
Stlth   ++           n - +6 ring of strength
HPRegen 0.32/turn    L - +4 ring of slaying
MPRegen 0.16/turn

%: no passive effects
@: flux-form, heroic, glowing
A: glow, contaminating, fangs 1, strong nose, distributed training
a: Begin Untransformation, Renounce Religion, Heroism, Finesse


You were on level 9 of the Dungeon.
You worshipped Okawaru.
Okawaru was greatly pleased with you.
You were something dangerously unstable.
You visited 2 branches of the dungeon, and saw 10 of its levels.
You also visited: Sewer and Ossuary.

You collected 386 gold pieces.
You spent 240 gold pieces at shops.

Inventory:

Hand Weapons
 m - a +0 long sword
 w - a +1 war axe
 x - a +2 flail of protection
 z - the +1 rapier "Sesk" {venom, Drain rElec rF- rN+++}
   (You found it on level 6 of the Dungeon)

   rF-:       It makes you vulnerable to fire.
   rElec:     It insulates you from electricity.
   rN+++:     It renders you almost immune to negative energy.
   Drain:     It drains your maximum health when unequipped.
 E - a +0 orcbow
 J - a +2 whip of freezing
 W - a +1 dagger of venom
 Y - a +1 short sword of flaming
Missiles
 c - a curare-tipped dart
 f - 84 stones
 j - a throwing net
 o - 25 poisoned darts
 p - 11 boomerangs (quivered)
 B - 3 javelins
Armour
 a - a +0 animal skin
 i - a +0 scale mail
 q - a +1 pair of gloves (worn)
 y - a +0 helmet (worn)
 F - a +0 chain mail
 H - +0 steam dragon scales (worn)
 N - a +0 pair of boots (worn)
 P - a +0 cloak of stealth (worn)
Magical Staves
 I - a staff of fire
Jewellery
 n - a +6 ring of strength (left hand)
 r - a +4 ring of protection
 t - a ring of poison resistance
 L - a +4 ring of slaying (right hand)
 X - a +6 ring of intelligence
Talismans
 d - a flux talisman (active)
 e - a maw talisman
 O - a beast talisman
Wands
 M - a wand of flame (21)
 Q - a wand of charming (15)
Scrolls
 k - 2 scrolls of fog
 l - 2 scrolls of revelation
 s - 7 scrolls of teleportation
 K - 2 scrolls of noise
 U - a scroll of fear
Potions
 b - 3 potions of lignification
 g - 2 potions of brilliance
 h - 7 potions of curing
 u - 4 potions of attraction
 v - 3 potions of berserk rage
 A - 4 potions of enlightenment
 C - 2 potions of degeneration
 D - a potion of cancellation
 G - 2 potions of might
 R - 2 potions of mutation
 S - a potion of resistance {unknown}
 T - 2 potions of magic
 V - a potion of ambrosia {unknown}


   Skills:
 + Level 6.4(11.4) Fighting
 + Level 5.8(10.8) Short Blades
 + Level 5.8(10.8) Long Blades
 + Level 5.8(10.8) Axes
 + Level 5.8(10.8) Maces & Flails
 + Level 5.8(10.8) Polearms
 + Level 5.8(10.8) Staves
 + Level 5.8(10.8) Ranged Weapons
 + Level 5.8(10.8) Throwing
 + Level 5.8(10.8) Armour
 + Level 7.5(12.5) Dodging
 + Level 5.8(10.8) Stealth
 + Level 5.8(10.8) Shields
 + Level 8.8(13.8) Unarmed Combat
 + Level 5.8 Spellcasting
 + Level 4.8 Conjurations
 + Level 4.8 Hexes
 + Level 4.8 Summonings
 + Level 4.8 Necromancy
 + Level 4.8 Translocations
 + Level 4.8 Transmutations
 + Level 4.8 Fire Magic
 + Level 4.8 Ice Magic
 + Level 4.8 Air Magic
 + Level 4.8 Earth Magic
 + Level 4.8 Poison Magic
 + Level 6.3 Invocations
 + Level 5.8 Evocations
 + Level 8.5 Shapeshifting


You had 13 spell levels left.
You knew the following spells:

 Your Spells              Type           Power      Damage    Failure   Level
a - Lesser Beckoning      Tloc           24%        N/A       4%          2
b - Searing Ray           Conj           24%        2d5       4%          2
c - Gell's Gravitas       Tloc           12%        N/A       9%          3

Your spell library contained the following spells:

 Spells                   Type           Power      Damage    Failure   Level
 Magic Dart               Conj           48%        1d5       3%          1
 Teleport Other           Tloc           12%        N/A       9%          3
 Anguish                  Hex/Necr       6%         N/A       28%         4
 Cause Fear               Hex            6%         N/A       28%         4
 Fulminant Prism          Conj/Hex       6%         3d7       28%         4
 Enfeeble                 Hex            6%         N/A       100%        7


Dungeon Overview and Level Annotations

Branches:
Dungeon (9/15)             Temple (1/1) D:5            Lair (0/5) D:8
  Sewer (visited)         Ossuary (visited)
    Orc: D:9-12

Altars:
Ashenzari
Cheibriados
Dithmenos
Elyvilon
Fedhas
Hepliaklqana
Kikubaaqudgha
Makhleb
Nemelex Xobeh
Okawaru
Qazlal
Ru
Sif Muna
Trog
Uskayaw
Vehumet
Wu Jian
Xom
Yredelemnul
Zin
The Shining One

Shops:
D:8 !


Innate Abilities, Weirdness & Mutations

You are something dangerously unstable.
You glow with magical radiation, making you easy to see and hit.
Foes you strike become dangerously contaminated with magical radiation.
You are incapable of wielding weapons or throwing items.
You have very sharp teeth.
Your uncanny sense of smell can sniff out nearby items.
Your experience applies equally to all skills.


Message History

The manticore closely misses you. The boulder beetle barely misses you.
You gain the combat prowess of a mighty hero.
The manticore completely misses you.
The manticore claws you but does no damage. x2
The boulder beetle completely misses you.
You hit the manticore.
The manticore begins to glow.
The manticore is almost dead.
The boulder beetle completely misses you.
The manticore completely misses you. The manticore closely misses you.
The manticore misses you.
You hit the manticore.
The manticore glows dangerously bright.
The manticore is almost dead.
You punch the manticore!
You kill the manticore!
Okawaru accepts your kill. The boulder beetle misses you.
You hit the boulder beetle.
The boulder beetle begins to glow.
The boulder beetle is lightly wounded.
The boulder beetle bites you!
* * * LOW HITPOINT WARNING * * *
Something hits you but does no damage.
You hit the boulder beetle but do no damage.
The boulder beetle glows dangerously bright.
The boulder beetle is lightly wounded.
The boulder beetle bites you but does no damage.
Something hits you but does no damage.
You punch the boulder beetle!
The boulder beetle shudders as magic cascades through it!
The boulder beetle twists and deforms.
The boulder beetle is moderately wounded.
The centaur warrior shoots an arrow.
Reactivating autopickup.
You punch the boulder beetle!
The boulder beetle begins to glow.
The boulder beetle is moderately wounded.
The boulder beetle bites you.
* * * LOW HITPOINT WARNING * * *
You feel better. The acid dragon spits acid at you.
The splash of acid hits you!!
You die...

∆ .. .. ..# # # #.#
....#. .#....
#...#.# #.#....
#......#z.c....
#.#p#.# .. . #..BD.#
... #....###.###
#.##
...........#..... .
.......##..#.⌠.⌠.
........##.....⌠..
#.#.....#...#.⌠.⌠.
#.##...##...#.....
###..#....#...###.##


You could see a boulder beetle (contam, misshapen), a centaur warrior, an acid
dragon (catching breath) and a wight.

Vanquished Creatures
  A boulder beetle (D:7)
  Pikel (D:6)
  A manticore (D:9)
  Maurice (D:7)
  Maggie (D:6)
  Prince Ribbit (D:6)
  A wyvern (D:8)
  A yak (D:8)
  A steam dragon (D:8)
  4 water moccasins
  A black bear (D:4)
  2 ice beasts
  An orc warrior (D:8)
  A sky beast (D:8)
  3 ogres
  A centaur (D:6)
  A phantom (D:3)
  2 lemures (D:6)
  Blork the orc (D:6)
  2 elf zombies (D:8)
  3 kobold brigands
  A bullfrog (D:6)
  2 scorpions
  3 water moccasin zombies (Ossuary)
  6 killer bees
  A howler monkey (D:5)
  4 orc priests
  5 hounds
  A human zombie (D:8)
  2 jellies
  A gnoll bouda (D:4)
  3 iguanas
  2 human skeletons (D:8)
  8 orc wizards
  A hell rat (Sewer)
  2 mummies (Ossuary)
  9 gnolls
  4 river rats
  8 adders
  A white imp (D:5)
  2 ufetubi (D:6)
  6 adder zombies (Ossuary)
  3 worms
  A dart slug (D:3)
  24 orcs
  10 ball pythons
  6 endoplasms
  3 giant cockroaches
  9 goblins
  8 hobgoblins
  7 jackals
  23 kobolds
  6 quokkas
  3 bats
  7 frilled lizards
  4 gnoll zombies (Ossuary)
  7 hobgoblin zombies (Ossuary)
  2 kobold zombies (Ossuary)
  An orc skeleton (D:8)
  4 orc zombies (Ossuary)
  9 rats
240 creatures vanquished.

Vanquished Creatures (others)
  An orc wizard (D:9)
  An orc (D:8)
2 creatures vanquished.

Grand Total: 242 creatures vanquished

Notes
Turn   | Place    | Note
-------+----------+-------------------------------------------
     0 | D:1      | jlumianski the Gnoll Shapeshifter began the quest for the
                  | Orb.
     0 | D:1      | Reached XP level 1. HP: 17/17 MP: 1/1
   169 | D:1      | Reached XP level 2. HP: 22/23 MP: 2/2
   425 | D:1      | Reached XP level 3. HP: 25/28 MP: 3/3
   624 | D:1      | Found a faded altar of an unknown god.
  1133 | D:2      | Reached skill level 1 in Invocations
  1165 | D:2      | Reached skill level 1 in Short Blades
  1165 | D:2      | Reached skill level 1 in Long Blades
  1165 | D:2      | Reached skill level 1 in Axes
  1165 | D:2      | Reached skill level 1 in Maces & Flails
  1165 | D:2      | Reached skill level 1 in Polearms
  1165 | D:2      | Reached skill level 1 in Staves
  1165 | D:2      | Reached skill level 1 in Ranged Weapons
  1165 | D:2      | Reached skill level 1 in Throwing
  1165 | D:2      | Reached skill level 1 in Armour
  1165 | D:2      | Reached skill level 1 in Stealth
  1165 | D:2      | Reached skill level 1 in Shields
  1165 | D:2      | Reached skill level 1 in Spellcasting
  1165 | D:2      | Reached skill level 1 in Evocations
  1266 | D:2      | Reached XP level 4. HP: 34/34 MP: 5/5
  1980 | D:2      | Found a glowing silver altar of Zin.
  2195 | D:2      | Reached skill level 1 in Conjurations
  2195 | D:2      | Reached skill level 1 in Hexes
  2195 | D:2      | Reached skill level 1 in Summonings
  2195 | D:2      | Reached skill level 1 in Necromancy
  2195 | D:2      | Reached skill level 1 in Translocations
  2195 | D:2      | Reached skill level 1 in Transmutations
  2195 | D:2      | Reached skill level 1 in Fire Magic
  2195 | D:2      | Reached skill level 1 in Ice Magic
  2195 | D:2      | Reached skill level 1 in Air Magic
  2195 | D:2      | Reached skill level 1 in Earth Magic
  2195 | D:2      | Reached skill level 1 in Poison Magic
  2481 | D:3      | Reached XP level 5. HP: 25/40 MP: 5/7
  2607 | D:4      | Noticed an ogre
  2609 | D:4      | Noticed a phantom
  2611 | D:4      | Noticed a black bear
  2621 | D:3      | Killed an ogre
  2940 | D:3      | Killed a phantom
  2941 | D:3      | Reached skill level 5 in Dodging
  2941 | D:3      | Reached XP level 6. HP: 41/47 MP: 7/9
  3264 | D:4      | Killed a black bear
  3373 | D:3      | Reached XP level 7. HP: 31/52 MP: 10/10
  3869 | D:5      | Entered Level 5 of the Dungeon
  4022 | D:5      | Found a glowing drain.
  4091 | Sewer    | Entered a sewer
  4332 | D:4      | Found a sacrificial altar of Ru.
  4410 | D:4      | Reached XP level 8. HP: 54/60 MP: 12/12
  5269 | D:5      | Found a staircase to the Ecumenical Temple.
  5278 | Temple   | Entered the Ecumenical Temple
  5287 | Temple   | Became a worshipper of Warmaster Okawaru
  5700 | D:6      | Noticed Maggie
  5724 | D:6      | Killed Maggie
  5725 | D:6      | Reached XP level 9. HP: 37/66 MP: 14/14
  5774 | D:5      | Learned a level 2 spell: Lesser Beckoning
  6015 | D:6      | Noticed Prince Ribbit
  6034 | D:6      | Killed Prince Ribbit
  6034 | D:6      | Reached * piety under Okawaru
  6240 | D:6      | Reached skill level 5 in Fighting
  6399 | D:6      | Identified the +1 rapier "Sesk" {venom, Drain rElec rF-
                  | rN+++}
  6635 | D:6      | Found a glowing golden altar of the Shining One.
  6635 | D:6      | Found an ancient bone altar of Kikubaaqudgha.
  6635 | D:6      | Found a sparkling altar of Nemelex Xobeh.
  6844 | D:6      | Noticed Blork the orc
  6850 | D:6      | Killed Blork the orc
  6855 | D:6      | Noticed Pikel
  6905 | D:6      | Killed Pikel
  6905 | D:6      | Reached ** piety under Okawaru
  6906 | D:6      | Reached skill level 5 in Invocations
  7188 | D:8      | Noticed a boulder beetle
  7213 | D:7      | Killed a boulder beetle
  7214 | D:7      | Reached skill level 5 in Short Blades
  7214 | D:7      | Reached skill level 5 in Long Blades
  7214 | D:7      | Reached skill level 5 in Axes
  7214 | D:7      | Reached skill level 5 in Maces & Flails
  7214 | D:7      | Reached skill level 5 in Polearms
  7214 | D:7      | Reached skill level 5 in Staves
  7214 | D:7      | Reached skill level 5 in Ranged Weapons
  7214 | D:7      | Reached skill level 5 in Throwing
  7214 | D:7      | Reached skill level 5 in Armour
  7214 | D:7      | Reached skill level 5 in Stealth
  7214 | D:7      | Reached skill level 5 in Shields
  7214 | D:7      | Reached skill level 5 in Spellcasting
  7214 | D:7      | Reached skill level 5 in Evocations
  7214 | D:7      | Reached XP level 10. HP: 60/76 MP: 15/17
  7219 | D:8      | Found Tuadig's Distillery.
  7305 | D:8      | Noticed Maurice
  7309 | D:8      | Reached *** piety under Okawaru
  7321 | D:8      | Maurice stole a beast talisman
  7323 | D:8      | Maurice stole a staff of fire
  7325 | D:8      | Maurice stole 11 boomerangs
  7332 | D:8      | Something stole a +4 ring of protection
  7477 | D:7      | Learned a level 2 spell: Searing Ray
  7484 | D:7      | Killed Maurice
  7540 | D:8      | Bought 2 potions of mutation for 240 gold pieces
  7621 | D:8      | Found a sand-covered staircase.
  7628 | Ossuary  | Entered an ossuary
  7918 | D:8      | Reached **** piety under Okawaru
  8532 | D:8      | Learned a level 3 spell: Gell's Gravitas
  8876 | D:8      | Found a staircase to the Lair.
  8884 | D:9      | Found a hide-covered altar of Uskayaw.
  8962 | D:8      | Found a hazy altar of Hepliaklqana.
  9053 | D:9      | Noticed a boulder beetle
  9054 | D:9      | Noticed a manticore
  9054 | D:9      | Noticed a centaur warrior
  9067 | D:9      | Killed a manticore
  9072 | D:9      | Killed from afar by an acid dragon

Illustrated notes

Levels and vault maps discovered:
D:1:      dpeg_arrival_prison, layout_basic, shapermc_ecumenical_altar_ellora
D:2:      minmay_chambers_of_twos, layout_basic, basic_altar,
          serial_bayou_pond_d, st_stairs_14, hangedman_decor_opposing
D:3:      layout_basic
D:4:      layout_cave_pools, nicolae_ru_great_annihilating_truth
D:5:      layout_rooms, minmay_temple_entry_overgrown, portal_sewer_entry_b
D:6:      layout_basic, gammafunk_temple_overflow_claw, uniq_maggie, uniq_pikel,
          uniq_prince_ribbit1, uniq_blork_the_orc
D:7:      layout_basic
D:8:      layout_rooms, lemuel_tele_altar, lair_entry_dummy,
          nicolae_ossuary_entry_catacombs, serial_shops, shop, uniq_maurice
D:9:      layout_cave_pools, mainiacjoe_overflow_catwalk,
          mainiacjoe_overflow_alcove_4, minivault_1, minmay_chambers_of_fives
Temple:   minmay_freezing_vapour_temple

Skill      XL: |  1  2  3  4  5  6  7  8  9 10 |
---------------+-------------------------------+-----
Invocations    | 1 2 3 4 5 6 |  6.3
Short Blades   | 1 2 3 5 |  5.8
Long Blades    | 1 2 3 5 |  5.8
Axes           | 1 2 3 5 |  5.8
Maces & Flails | 1 2 3 5 |  5.8
Polearms       | 1 2 3 5 |  5.8
Staves         | 1 2 3 5 |  5.8
Ranged Weapons | 1 2 3 5 |  5.8
Throwing       | 1 2 3 5 |  5.8
Armour         | 1 2 3 5 |  5.8
Stealth        | 1 2 3 5 |  5.8
Shields        | 1 2 3 5 |  5.8
Spellcasting   | 1 2 3 5 |  5.8
Evocations     | 1 2 3 5 |  5.8
Conjurations   | 1 2 3 4 |  4.8
Hexes          | 1 2 3 4 |  4.8
Summonings     | 1 2 3 4 |  4.8
Necromancy     | 1 2 3 4 |  4.8
Translocations | 1 2 3 4 |  4.8
Transmutations | 1 2 3 4 |  4.8
Fire Magic     | 1 2 3 4 |  4.8
Ice Magic      | 1 2 3 4 |  4.8
Air Magic      | 1 2 3 4 |  4.8
Earth Magic    | 1 2 3 4 |  4.8
Poison Magic   | 1 2 3 4 |  4.8
Fighting       | 3 4 5 6 |  6.4
Dodging        | 5 6 7 |  7.5
Unarmed Combat | 7 8 |  8.8
Shapeshifting  | 7 8 |  8.5

Action                     |  1- 3 |  4- 6 |  7- 9 | 10-12 || total
---------------------------+-------+-------+-------+-------++-------
  Melee: Unarmed           |    71 |    99 |   329 |   264 ||   763
         Bite              |     5 |     8 |    48 |    52 ||   113
         Punch             |     1 |     3 |    10 |       ||    14
  Throw: Stone             |     3 |       |       |       ||     3
         Boomerang         |       |     3 |     4 |       ||     7
         Dart              |       |     2 |       |       ||     2
   Cast: Lesser Beckoning  |       |       |     4 |       ||     4
         Gell's Gravitas   |       |       |       |     3 ||     3
         Searing Ray       |       |       |       |     2 ||     2
 Invoke: Heroism           |       |       |       |     1 ||     1
    Use: Potion            |     1 |     1 |     1 |     5 ||     8
         Scroll            |       |     3 |     8 |     2 ||    13
   Stab: Sleeping          |     1 |       |       |     4 ||     5
         Invisible         |       |       |     1 |       ||     1
         Paralysed         |       |       |     1 |       ||     1
         Distracted        |       |       |       |     1 ||     1
 Armour: Animal skin       |     8 |       |       |       ||     8
         Scale mail        |    26 |    62 |   126 |       ||   214
         Skin              |       |     5 |     2 |       ||     7
         Chain mail        |       |       |     8 |       ||     8
         Steam dragon scal |       |       |    69 |   162 ||   231
  Dodge: Dodged            |    40 |    60 |   183 |   195 ||   478
   Form: Flux              |       |       |     1 |       ||     1

Table legend: (Time is in decaauts)
 A = Elapsed time spent in this place.
 B = Non-inter-level travel time spent in this place.
 C = Inter-level travel time spent in this place.
 D = Time resting spent in this place.
 E = Time spent auto-exploring this place.
 F = Levels seen in this place.
 G = Mean time per level.
                   A        B        C        D        E       F      G
               +--------+--------+--------+--------+--------+-----+--------+
         Total |   9046 |   8933 |    113 |   1268 |   4028 |  12 |  753.8 |
       Dungeon |   8534 |   8421 |    113 |   1119 |   4028 |   9 |  948.2 |
        Temple |     81 |     81 |      0 |     57 |      0 |   1 |   81.0 |
         Sewer |    242 |    242 |      0 |     92 |      0 |   1 |  242.0 |
       Ossuary |    187 |    187 |      0 |      0 |      0 |   1 |  187.0 |
               +--------+--------+--------+--------+--------+-----+--------+

Top non-repeatable levels by time:
     D:3: 1447 daAuts
     D:2: 1251 daAuts
     D:6: 1126 daAuts
     D:4: 1058 daAuts
     D:7: 1028 daAuts
     D:1: 1018 daAuts
     D:5: 800 daAuts
     D:8: 760 daAuts
   Sewer: 242 daAuts
 Ossuary: 187 daAuts
  Temple: 81 daAuts
     D:9: 43 daAuts
